 Dungeon Crawl Stone Soup version 0.31-a0-1104-g3bd3108e02 (webtiles) character file.

Game seed: 14817066636333095448

84426 Dirtsage the Severer (level 15, -5/208 HPs)
             Began as a Minotaur Berserker on Dec 2, 2023.
             Was the Champion of Trog.
             Slain by a 14-headed hydra (10 damage)
             ... while paralysed by an ogre mage
             ... on level 15 of the Dungeon.
             The game lasted 00:35:54 (18130 turns).

Dirtsage the Severer (Minotaur Berserker)          Turns: 18130, Time: 00:35:54

Health: -5/208     AC: 24    Str: 23    XL:     15   Next: 35%
Magic:  14/14      EV:  2    Int:  8    God:    Trog [******]
Gold:   1223       SH:  0    Dex: 12    Spells: 14/14 levels left

rFire   . . .        n - +5 broad axe (protect)
rCold   . . .        W - +0 buckler
rNeg    . . .        K - +2 scale mail "Zuemiohir" {rElec Regen+}
rPois   .            M - +1 hat
rElec   +            H - +0 cloak {rCorr}
rCorr   +            q - +0 pair of gloves
SInv    +            U - +0 pair of boots
Will    ++...        V - amulet of regeneration Stlth
                     f - ring of willpower
HPRegen 2.14/turn    S - ring of see invisible
MPRegen 0.14/turn

%: no passive effects
@: paralysed, berserking, under a protective aura, studying 2 skills
A: horns 2, retaliatory headbutt
a: Renounce Religion, Berserk, Trog's Hand, Brothers in Arms


You were on level 15 of the Dungeon.
You worshipped Trog.
Trog was exalted by your worship.
You visited 3 branches of the dungeon, and saw 21 of its levels.
You also visited: Bailey.

You collected 1560 gold pieces.
You spent 337 gold pieces at shops.

Inventory:

Hand Weapons
 n - a +5 broad axe of protection (weapon)
 L - a +2 hand axe of flaming
Missiles
 c - 12 curare-tipped darts
 v - 7 throwing nets
Armour
 q - a +0 pair of gloves (worn)
 z - a +2 scale mail of poison resistance
 H - a +0 cloak of preservation (worn)
 K - the +2 scale mail "Zuemiohir" (worn) {rElec Regen+}
   (You found it on level 9 of the Dungeon)

   rElec:     It insulates you from electricity.
   Regen+:    It increases your rate of health regeneration.
 M - a +1 hat (worn)
 U - a +0 pair of boots (worn)
 W - a +0 buckler (worn)
Jewellery
 f - a ring of willpower (left hand)
 k - a +6 ring of strength
 C - a ring of resist corrosion
 I - a ring of protection from cold
 J - a ring of willpower
 S - a ring of see invisible (right hand)
 V - an amulet of regeneration (around neck)
Wands
 D - a wand of digging (13)
 E - a wand of acid (14)
 F - a wand of roots (11)
Scrolls
 a - 3 scrolls of poison
 d - a scroll of butterflies
 e - 2 scrolls of fog
 g - 2 scrolls of fear
 i - a scroll of identify
 j - 5 scrolls of silence
 o - 7 scrolls of immolation
 r - a scroll of brand weapon
 t - 7 scrolls of teleportation
 w - 4 scrolls of amnesia
 y - 2 scrolls of vulnerability
 A - 2 scrolls of enchant weapon
 B - 2 scrolls of blinking
 P - a scroll of torment
 T - a scroll of enchant armour
Potions
 b - 2 potions of brilliance {unknown}
 h - 3 potions of might {unknown}
 l - a potion of heal wounds
 m - 4 potions of degeneration {unknown}
 p - 5 potions of lignification {unknown}
 s - a potion of berserk rage {unknown}
 u - 7 potions of curing {unknown}
 x - 4 potions of enlightenment {unknown}
 N - a potion of haste {unknown}
 O - 3 potions of attraction {unknown}
 Q - 5 potions of mutation {unknown}
 R - a potion of magic {unknown}
 X - a potion of cancellation {unknown}
 Y - a potion of resistance {unknown}
Miscellaneous
 G - a phantom mirror


   Skills:
 + Level 14.6 Fighting
 - Level 18.7 Axes
 - Level 14.1 Armour
 + Level 13.3 Dodging
 + Level 10.0 Shields
 + Level 9.7 Evocations


You had 14 spell levels left.
You didn't know any spells.
Your spell library contained the following spells:

 Spells                   Type           Power      Damage    Failure   Level
 Kiss of Death            Conj/Necr      0%         2d5       69%         1
 Necrotise                Necr           0%         1d4       69%         1
 Cigotuvi's Dreadful Rot  Necr/Pois/Air  0%         N/A       83%         2
 Lesser Beckoning         Tloc           0%         N/A       83%         2
 Sublimation of Blood     Necr           0%         N/A       83%         2
 Wereblood                Tmut           0%         N/A       83%         2
 Gell's Gravitas          Tloc           0%         N/A       96%         3
 Inner Flame              Hex/Fire       0%         N/A       96%         3
 Stone Arrow              Conj/Erth      0%         3d7       96%         3
 Teleport Other           Tloc           0%         N/A       96%         3
 Vampiric Draining        Necr           0%         2d6       96%         3
 Animate Armour           Summ/Erth      0%         N/A       100%        4
 Flame Wave               Conj/Fire      0%         2d4       100%        4
 Olgreb's Toxic Radiance  Pois           0%         N/A       100%        4
 Petrify                  Tmut/Erth      0%         N/A       100%        4
 Sticky Flame             Conj/Fire      0%         2d3       100%        4
 Summon Ice Beast         Ice/Summ       0%         N/A       100%        4
 Vhi's Electric Charge    Tloc/Air       0%         N/A       100%        4
 Agony                    Necr           0%         N/A       100%        5
 Arcjolt                  Conj/Air       0%         1d10      100%        5
 Irradiate                Conj/Tmut      0%         3d11      100%        5
 Plasma Beam              Fire/Air       0%         2x1d10    100%        6
 Discord                  Hex            0%         N/A       100%        8
 Ignition                 Fire           0%         3d3       100%        8
 Infestation              Necr           0%         N/A       100%        8
 Lehudib's Crystal Spear  Conj/Erth      0%         10d2      100%        8


Dungeon Overview and Level Annotations

Branches:
Dungeon (15/15)            Temple (1/1) D:6            Lair (5/5) D:11
  Swamp (0/4) Lair:2       Spider (0/4) Lair:2        Slime (0/5) Lair:5
    Orc (0/2) D:12         Vaults (0/5) D:13         Bailey (visited)
 Depths: D:15

Altars:
Ashenzari
Cheibriados
Dithmenos
Elyvilon
Fedhas
Gozag
Hepliaklqana
Kikubaaqudgha
Makhleb
Nemelex Xobeh
Okawaru
Qazlal
Ru
Sif Muna
Trog
Uskayaw
Vehumet
Wu Jian
Xom
Yredelemnul
Zin
The Shining One
Jiyva

Shops:
D:3 (   D:8 *

Annotations:
D:6 2 transporters, Menkaure
D:7 exclusion: door
D:14 2 transporters, exclusions: obsidian statue and orange crystal statue, Xuruvid's ghost, journeyman GnWn


Innate Abilities, Weirdness & Mutations

You have a pair of horns on your head.
You reflexively headbutt those who attack you in melee.


Message History

The 11-headed hydra grows two more!
You slice the 13-headed hydra!!
The centaur warrior hits you but does no damage.
The centaur warrior barely misses you.
The ogre hits the plant with a +0 giant spiked club.
The plant begins to die.
You slice the two-headed ogre!!
The two-headed ogre is almost dead.
You barely miss the ogre mage. You barely miss the 13-headed hydra.
You barely miss the centaur warrior. You slice the two-headed ogre!!
You kill the two-headed ogre!
Trog accepts your kill.
You hear a splash. x2
You slice the two-headed ogre!!
You kill the two-headed ogre!
Trog accepts your kill.
You hear a splash. x2
You block the centaur warrior's attack.
The centaur warrior kicks you but does no damage.
The 13-headed hydra barely misses you. You furiously retaliate!
You headbutt the 13-headed hydra! The 13-headed hydra barely misses you.
The 13-headed hydra bites you but does no damage. x3
The 13-headed hydra closely misses you. You block the 13-headed hydra's attack.
The 13-headed hydra bites you but does no damage. x3
The 13-headed hydra closely misses you. x2; The 13-headed hydra misses you.
You barely miss the two-headed ogre.
The two-headed ogre is almost dead.
You closely miss the ogre mage.
You slice one of the 13-headed hydra's heads off!
The 12-headed hydra grows two more!
You slash the 14-headed hydra! You slash the centaur warrior!
The ogre mage casts a spell at you.
You suddenly lose the ability to move!
The centaur warrior hits you but does no damage.
The centaur warrior kicks you but does no damage.
The two-headed ogre hits you with a +0 giant spiked club!
* * * LOW HITPOINT WARNING * * *
The two-headed ogre hits you with a +0 heavy dire flail.
* * * LOW HITPOINT WARNING * * *
The 14-headed hydra bites you!
You die...

........ .... ♣.......
#.......# .......####
#.......# ♣♣♣...~♣P~P##
#.......# ~~~♣~♣~~~P~~##
#.......#
~~~~~~POP~~P~###.......#
~~~~P~c))~P~~♣..........
......O@O...............
~~~P~~~~DP~~~~..........
~P~♣♣♣♣~P~~~~~##........
♣ ♣~~~~~♣###..<.)...
..~♣♣~♣# #........
.....### #........
...... #........ ......
#........ #........


You could see a 14-headed hydra, a centaur warrior, a two-headed ogre, an ogre
mage (invisible) and an ogre.

Vanquished Creatures
  Gastronok (D:10)
  4 dire elephants (Lair:5)
  Josephine (D:10)
  Fannar (D:10)
  6 hydras
  A catoblepas (Lair:4)
  Erica (D:9)
  Harold (D:9)
  A centaur warrior (D:14)
  10 two-headed ogres
  7 death yaks (Lair:5)
  2 boulder beetles
  A skyshark (Lair:5)
  Amaemon (D:10)
  A spectral death yak (Lair:5)
  6 skeletal warriors
  A spectral anaconda (Lair:5)
  2 lindwurms (Lair:4)
  An obsidian statue (Lair:5)
  5 orc knights
  5 cyclopes
  A deep elf pyromancer (D:13)
  4 ugly things
  6 necromancers
  2 manticores (D:14)
  A wolf spider (Lair:2)
  19 elephants
  3 black mambas
  3 torpor snails
  A dire elephant skeleton (Lair:5)
  An orange demon (D:10)
  12 cane toads
  An unseen horror (D:11)
  3 rime drakes
  Jeremiah (D:8)
  8 komodo dragons
  A freezing wraith (D:14)
  3 meliai (D:14)
  5 trolls
  A tarantella (Lair:2)
  10 blink frogs
  A polar bear (Lair:5)
  2 glass eyes (D:10)
  7 slime creatures
  8 dream sheep
  2 wyverns
  3 shadows (D:11)
  7 wraiths
  2 water elementals (D:15)
  53 yaks
  A vampire (D:11)
  Grum (D:8)
  2 basilisks
  16 vampire mosquitoes
  A steam dragon (D:7)
  2 death yak simulacra (Lair:5)
  4 acid dragons
  9 water moccasins
  4 black bears
  An ice beast (D:6)
  A sky beast (D:6)
  9 centaurs
  13 orc warriors
  2 ogres
  An elephant skeleton (Lair:5)
  23 wolves
  A phantom (D:5)
  4 kobold brigands
  16 bullfrogs
  A gnoll sergeant (D:7)
  5 scorpions
  3 cane toad simulacra (Lair:5)
  14 wights
  A hornet simulacrum (D:12)
  An elephant simulacrum (Lair:5)
  15 killer bees
  3 howler monkeys
  A jelly (D:7)
  5 orc priests
  3 hounds
  4 gnoll boudas
  3 sleepcaps (D:6)
  3 iguanas
  10 orc wizards
  9 adders
  17 gnolls
  A white imp (D:7)
  6 ufetubi
  3 worms
  5 dart slugs
  An orc (shapeshifter) (D:13)
  58 orcs
  A bat (D:1)
  10 endoplasms
  6 giant cockroaches
  10 goblins
  11 hobgoblins
  4 jackals (D:3)
  5 quokkas
  2 ball pythons (D:1)
  7 frilled lizards
  20 kobolds
  3 rats
  A butterfly (Lair:3)
593 creatures vanquished.

Vanquished Creatures (collateral kills)
  Maurice (D:8)
1 creature vanquished.

Vanquished Creatures (others)
  An orc wizard (D:5)
  A goblin (shapeshifter) (D:14)
2 creatures vanquished.

Grand Total: 596 creatures vanquished

Notes
Turn   | Place    | Note
-------+----------+-------------------------------------------
     0 | D:1      | Dirtsage the Minotaur Berserker began the quest for the
                  | Orb.
     0 | D:1      | Reached XP level 1. HP: 19/19 MP: 0/0
   228 | D:1      | Reached XP level 2. HP: 26/27 MP: 1/1
   475 | D:1      | Reached skill level 4 in Axes
   484 | D:1      | Found a faded altar of an unknown god.
   493 | D:1      | Reached ** piety under Trog
   624 | D:1      | Reached XP level 3. HP: 30/33 MP: 2/2
  1013 | D:2      | Reached XP level 4. HP: 41/41 MP: 3/3
  1917 | D:3      | Found Faasch's Antique Weapon Shoppe.
  2082 | D:3      | Found a sacrificial altar of Ru.
  2082 | D:3      | Noticed a centaur
  2089 | D:3      | Killed a centaur
  2090 | D:3      | Reached XP level 5. HP: 43/47 MP: 4/4
  2091 | D:3      | Reached skill level 5 in Fighting
  2093 | D:3      | Reached skill level 5 in Axes
  2167 | D:3      | Bought a runed war axe for 175 gold pieces
  2232 | D:3      | Found a burning altar of Makhleb.
  2318 | D:3      | Found a glowing golden altar of the Shining One.
  2478 | D:3      | Found a glowing silver altar of Zin.
  2705 | D:4      | Reached XP level 6. HP: 56/56 MP: 5/5
  2761 | D:4      | Reached *** piety under Trog
  3416 | D:5      | Entered Level 5 of the Dungeon
  3421 | D:5      | Reached skill level 5 in Armour
  3421 | D:5      | Reached XP level 7. HP: 56/62 MP: 6/6
  3433 | D:5      | You fall into a shaft and drop 1 floor!
  3515 | D:6      | Found a staircase to the Ecumenical Temple.
  3525 | Temple   | Entered the Ecumenical Temple
  3589 | D:6      | Reached skill level 6 in Axes
  3592 | D:6      | Reached skill level 5 in Dodging
  3710 | D:6      | Found a transporter.
  3713 | D:6      | Found a transporter.
  3715 | D:6      | Noticed Menkaure
  3894 | D:6      | Reached XP level 8. HP: 67/71 MP: 7/7
  4063 | D:5      | Reached skill level 7 in Axes
  4077 | D:5      | Reached **** piety under Trog
  4365 | D:6      | Found a hazy altar of Hepliaklqana.
  4417 | D:6      | Found a bloodstained altar of Trog.
  4439 | D:6      | Found a basalt altar of Yredelemnul.
  4446 | D:6      | Found an ancient bone altar of Kikubaaqudgha.
  4925 | D:5      | Reached ***** piety under Trog
  5063 | D:5      | Reached XP level 9. HP: 81/81 MP: 8/8
  5070 | D:5      | Reached skill level 8 in Axes
  5785 | D:7      | Reached skill level 9 in Axes
  6079 | D:7      | Received a gift from Trog
  6195 | D:7      | Found a shimmering blue altar of Sif Muna.
  6331 | D:8      | Reached skill level 10 in Axes
  6419 | D:8      | Noticed Jeremiah
  6419 | D:8      | Noticed Maurice
  6434 | D:8      | Something stole a +2 flail of venom
  6436 | D:8      | Something stole a throwing net
  6444 | D:8      | Killed Maurice
  6445 | D:8      | Reached skill level 11 in Axes
  6675 | D:8      | Found Tuigapel's Assorted Antiques.
  6687 | D:8      | Bought a potion of heal wounds for 135 gold pieces
  6687 | D:8      | Bought a scroll labelled VUUP CEOGAUG for 27 gold pieces
  6731 | D:8      | Identified the +3 leather armour of Tyurchoorch {Regen+
                  | Slay-2 SInv}
  6764 | D:8      | Killed Jeremiah
  6765 | D:8      | Reached skill level 12 in Axes
  6830 | D:8      | Noticed Grum
  6836 | D:8      | Reached XP level 10. HP: 57/88 MP: 9/9
  6838 | D:8      | Killed Grum
  6920 | D:8      | Found a flagged portal.
  6930 | Bailey   | Entered a bailey
  7030 | Bailey   | Reached skill level 13 in Axes
  7133 | Bailey   | Noticed an orc knight
  7223 | Bailey   | Killed an orc knight
  7288 | Bailey   | Reached skill level 14 in Axes
  7957 | D:9      | Reached skill level 15 in Axes
  8127 | D:9      | Noticed a two-headed ogre
  8135 | D:9      | Killed a two-headed ogre
  8203 | D:9      | Found a broken altar of Ashenzari.
  8270 | D:9      | Found a blossoming altar of Fedhas.
  8392 | D:9      | Noticed Erica
  8396 | D:9      | Killed Erica
  8397 | D:9      | Reached skill level 16 in Axes
  8397 | D:9      | Reached XP level 11. HP: 94/94 MP: 10/10
  8426 | D:9      | Noticed a two-headed ogre
  8438 | D:9      | Killed a two-headed ogre
  8737 | D:9      | Identified the +2 scale mail "Zuemiohir" {rElec Regen+}
  8944 | D:9      | Noticed Harold
  8953 | D:9      | Killed Harold
  8954 | D:9      | Reached skill level 17 in Axes
  9217 | D:10     | Entered Level 10 of the Dungeon
  9222 | D:10     | Found a stormy altar of Qazlal.
  9225 | D:10     | Found a shimmering altar of Xom.
  9338 | D:10     | Noticed a two-headed ogre
  9348 | D:10     | Killed a two-headed ogre
  9350 | D:10     | Reached skill level 18 in Axes
  9401 | D:10     | Noticed Gastronok
  9414 | D:10     | Killed Gastronok
  9414 | D:10     | Received a gift from Trog
  9552 | D:10     | Noticed Josephine
  9561 | D:10     | Reached skill level 10 in Armour
  9562 | D:10     | Killed Josephine
  9563 | D:10     | Reached skill level 1 in Evocations
  9626 | D:10     | Noticed Amaemon
  9637 | D:10     | Reached XP level 12. HP: 103/103 MP: 11/11
  9639 | D:10     | Killed Amaemon
  9860 | D:10     | Noticed Fannar
  9868 | D:10     | Killed Fannar
 10261 | D:11     | Noticed a two-headed ogre
 10265 | D:11     | Killed a two-headed ogre
 10367 | D:11     | Found a staircase to the Lair.
 10808 | Lair:1   | Entered Level 1 of the Lair of Beasts
 10835 | Lair:1   | Reached skill level 10 in Fighting
 11643 | Lair:2   | Reached skill level 5 in Evocations
 11744 | Lair:2   | Found a staircase to the Swamp.
 11846 | Lair:2   | Reached XP level 13. HP: 114/114 MP: 12/12
 11993 | Lair:2   | Found a hole to the Spider Nest.
 11999 | Lair:2   | Reached ****** piety under Trog
 12275 | Lair:2   | Received a gift from Trog
 12276 | Lair:2   | Reached skill level 1 in Shields
 12699 | Lair:3   | Reached skill level 10 in Dodging
 13112 | Lair:3   | Got Ucynioclir's Handbook of Conflagrant Iniquitous Magic
 13739 | Lair:4   | Reached skill level 5 in Shields
 13893 | Lair:4   | Received a gift from Trog
 14461 | Lair:5   | Entered Level 5 of the Lair of Beasts
 14643 | Lair:5   | Reached XP level 14. HP: 114/127 MP: 13/13
 14790 | Lair:5   | Got the Parchment of Icy Mortification
 15259 | Lair:5   | Found a viscous altar of Jiyva.
 15259 | Lair:5   | Found a staircase to the Slime Pits.
 15534 | Lair:5   | Received a gift from Trog
 16445 | D:12     | Found a staircase to the Orcish Mines.
 17024 | D:13     | Reached XP level 15. HP: 105/138 MP: 14/14
 17044 | D:13     | Found a gate to the Vaults.
 17652 | D:14     | Found a transporter.
 17652 | D:14     | Found a transporter.
 17692 | D:14     | Noticed Xuruvid's ghost (journeyman GnWn)
 17742 | D:14     | Found a radiant altar of Vehumet.
 17934 | D:14     | Received a gift from Trog
 18100 | D:15     | Entered Level 15 of the Dungeon
 18126 | D:15     | Reached skill level 10 in Shields
 18129 | D:15     | Paralysed by an ogre mage for 2 turns
 18130 | D:15     | HP: 8/208 [two-headed ogre/+0 giant spiked club (9)]
 18130 | D:15     | Slain by a 14-headed hydra

Illustrated notes

Levels and vault maps discovered:
D:1:      minmay_arrival_checkered_box, layout_basic,
          shapermc_ecumenical_altar_mp_ritualfount, minmay_vboxes
D:2:      minmay_chambers_of_ones, layout_basic, minmay_misc_feat_encased,
          hex_large
D:3:      layout_basic, bloody_makhleb, zin_scriptorium, old_standard_altar,
          tso_metal_star, serial_shops, shop
D:4:      layout_rooms, minmay_manual_mullet
D:5:      layout_basic, minmay_fractal_squares_diagonal_5
D:6:      layout_basic, mainiacjoe_overflow_24_doors, lemuel_round_altar,
          gammafunk_temple_of_torment, minmay_temple_entry_wispy,
          corexii_corridor_pit, minmay_statues_item
D:7:      layout_rooms, led_sif_book, nicolae_grassy_gnolls
D:8:      layout_cave_pods, serial_shops, nicolae_shop_overgrown_old_shop,
          enter_bailey_3, grunt_decor_fettered, uniq_jeremiah, uniq_grum,
          uniq_maurice
D:9:      layout_basic, fedhas_altar_4,
          mainiacjoe_overflow_concentric_impassable, uniq_harold, uniq_erica
D:10:     layout_irregular_city, mainiacjoe_overflow_catwalk_spiral,
          onia_ninara_cookie, uniq_josephine, uniq_gastronok, uniq_fannar,
          uniq_amaemon
D:11:     layout_rooms, david_lair_generic
D:12:     layout_small_grid, orc_0_dummy
D:13:     layout_small_grid, david_vaults_1
D:14:     layout_cave_pools, serial_park, serial_park_square1
          [serial_park_minivault_5x5_5], serial_park_tiny_2, nzn_ghost_randoct,
          hex_medium, nicolae_vehumet_altar_sigil
D:15:     hangedman_depths_entry_civil_slaughter, layout_long_grid,
          serial_bayou, serial_bayou_pond_c, serial_bayou_lagoon_b,
          serial_bayou_pond_b, serial_bayou_crossing, nicolae_twisting_strands,
          minmay_increasing_density
Temple:   jpeg_temple_island
Lair:1:   layout_chaotic_city, fungi_pond_lemuel, grunt_megastairs_5
Lair:2:   layout_roguey, minmay_swamp_entry_swarm, spider_nest_entry_rubble
Lair:3:   layout_cave_pods, lemuel_fruit_fields
Lair:4:   layout_hall_layers
Lair:5:   due_jungle_book, layout_small_grid, slime_entry_1,
          grunt_forest_large_clearings

Skill      XL: |  1  2  3  4  5  6  7  8  9 10 11 12 13 14 15 |
---------------+----------------------------------------------+-----
Fighting       | 4 5 6 7 8 10 12 14 | 14.6
Axes           | 4 5 6 7 12 16 18 | 18.7
Armour         | 3 4 5 7 9 10 13 14 | 14.1
Dodging        | 3 4 5 6 7 9 11 12 13 | 13.3
Evocations     | 1 5 7 9 |  9.7
Shields        | 5 9 10 | 10.0

Action                     |  1- 3 |  4- 6 |  7- 9 | 10-12 | 13-15 || total
---------------------------+-------+-------+-------+-------+-------++-------
  Melee: Hand axe          |    55 |    61 |       |       |    54 ||   170
         Headbutt          |     9 |     9 |    29 |    66 |   185 ||   298
         War axe           |       |    47 |   213 |   394 |   173 ||   827
         Punch             |       |       |     1 |     4 |       ||     5
         Broad axe         |       |       |       |       |   480 ||   480
 Invoke: Berserk           |     1 |     1 |       |     8 |     4 ||    14
         Trog's Hand       |       |       |     1 |     1 |     3 ||     5
         Brothers in Arms  |       |       |     1 |       |       ||     1
  Evoke: Wand              |       |       |     5 |       |       ||     5
    Use: Scroll            |       |       |     7 |     2 |     7 ||    16
         Potion            |       |       |     3 |       |       ||     3
 Armour: Animal skin       |    19 |       |       |       |       ||    19
         Leather armour    |    11 |    20 |       |       |       ||    31
         Ring mail         |       |    41 |    81 |       |       ||   122
         Scale mail        |       |       |    54 |   326 |   528 ||   908
         Chain mail        |       |       |    23 |       |       ||    23
  Dodge: Dodged            |    36 |    65 |   134 |   192 |   373 ||   800
  Block: Buckler           |       |       |       |       |   149 ||   149

Table legend: (Time is in decaauts)
 A = Elapsed time spent in this place.
 B = Non-inter-level travel time spent in this place.
 C = Inter-level travel time spent in this place.
 D = Time resting spent in this place.
 E = Time spent auto-exploring this place.
 F = Levels seen in this place.
 G = Mean time per level.
                   A        B        C        D        E       F      G
               +--------+--------+--------+--------+--------+-----+--------+
         Total |  18035 |  17183 |    852 |    458 |  13772 |  22 |  819.8 |
       Dungeon |  12175 |  11608 |    567 |    291 |   9345 |  15 |  811.7 |
        Temple |      1 |      1 |      0 |      0 |      0 |   1 |    1.0 |
          Lair |   5266 |   4982 |    284 |    113 |   4048 |   5 | 1053.2 |
        Bailey |    591 |    591 |      0 |     53 |    378 |   1 |  591.0 |
               +--------+--------+--------+--------+--------+-----+--------+

Top non-repeatable levels by time:
  Lair:5: 1567 daAuts
     D:9: 1272 daAuts
     D:6: 1164 daAuts
  Lair:3: 1116 daAuts
     D:2: 1086 daAuts
     D:8: 1035 daAuts
  Lair:2: 1000 daAuts
    D:10: 949 daAuts
     D:5: 900 daAuts
     D:7: 865 daAuts
     D:3: 817 daAuts
     D:1: 809 daAuts
  Lair:4: 791 daAuts
  Lair:1: 791 daAuts
     D:4: 778 daAuts
